 Dungeon Crawl Stone Soup version 0.31-a0-995-g04711c9635 (webtiles) character file.

Game seed: 4757252771474057501

162043 Nedwor the Severer (level 17, -4/166 HPs)
             Began as a Minotaur Fighter on Nov 3, 2023.
             Was a Believer of Uskayaw.
             Slain by a bog body (5 damage)
             ... on level 4 of the Swamp on Nov 6, 2023.
             The game lasted 01:00:16 (38111 turns).

Nedwor the Severer (Minotaur Fighter)              Turns: 38111, Time: 01:00:17

Health: -4/166     AC: 29    Str: 27    XL:     17   Next: 21%
Magic:  26/26      EV:  8    Int:  5    God:    Uskayaw [**....]
Gold:   1367       SH:  0    Dex: 12    Spells: 16/16 levels left

rFire   + . .        I - +16 obsidian axe {drain, demonic, Mesm Drain Fly SInv}
rCold   + . .        m - orb {*Rage}
rNeg    + . .        X - +1 plate armour {rC+}
rPois   .            (helmet restricted)
rElec   .            l - +2 cloak {Stlth+}
rCorr   +            h - +0 pair of gloves
SInv    +            G - +2 pair of boots {rampage}
Will    +....        L - amulet "Lahuatuc" {Acrobat rF+} Stlth
                     Q - ring of resist corrosion
HPRegen 0.47/turn    S - ring of positive energy
MPRegen 0.20/turn

%: random rage (20%), acrobat, rampage
@: lethally poisoned (-4 -> -6), on berserk cooldown, flying, mesmerised,
slowed, very slow
A: horns 2, retaliatory headbutt
a: Renounce Religion, Stomp, Line Pass


You were on level 4 of the Swamp.
You worshipped Uskayaw.
Uskayaw was pleased with you.
You visited 5 branches of the dungeon, and saw 27 of its levels.
You also visited: Bailey and Volcano.

You collected 2556 gold pieces.
You spent 1189 gold pieces at shops.

Inventory:

Hand Weapons
 I - the +16 obsidian axe (weapon) {drain, demonic, Mesm Drain Fly SInv}
   (You bought it in a shop on level 11 of the Dungeon)

   Mesm:      Its wielder is mesmerised by any visible foes, and it cannot be
   unequipped while any foes are visible.
   SInv:      It lets you see invisible.
   Fly:       It grants you flight.
   Drain:     It drains your maximum health when unequipped.
Missiles
 u - 2 throwing nets
Armour
 d - +0 swamp dragon scales
 h - a +0 pair of gloves (worn)
 l - a +2 cloak of stealth (worn)
 m - an orb of wrath (worn)
 G - a +2 pair of boots of rampaging (worn)
 X - a +1 plate armour of cold resistance (worn)
 Y - a +0 tower shield
Jewellery
 f - an amulet of guardian spirit
 n - an amulet of faith
 L - the amulet "Lahuatuc" (around neck) {Acrobat rF+}
   (You found it on level 5 of the Lair of Beasts)

   [amulet of the acrobat]

   Acrobat:   It increases your evasion while moving and waiting.
   rF+:       It protects you from fire.
 Q - a ring of resist corrosion (left hand)
 S - a ring of positive energy (right hand)
Scrolls
 a - a scroll of vulnerability
 b - 2 scrolls of enchant weapon
 c - 2 scrolls of poison {unknown}
 j - 2 scrolls of revelation
 q - 8 scrolls of teleportation
 t - 12 scrolls of identify
 x - 4 scrolls of fog
 B - 4 scrolls of fear
 F - 2 scrolls of silence
 J - 2 scrolls of brand weapon
 P - a scroll of enchant armour
 T - a scroll of summoning
Potions
 e - 3 potions of might
 g - a potion of attraction
 i - 2 potions of brilliance
 k - 6 potions of curing
 o - a potion of enlightenment
 z - a potion of berserk rage
 K - a potion of haste
 O - a potion of magic


   Skills:
 + Level 18.9 Fighting
 + Level 19.2 Axes
 + Level 18.8 Armour
 - Level 3.7 Shields
 + Level 13.4 Invocations


You had 16 spell levels left.
You didn't know any spells.
Your spell library contained the following spells:

 Spells                   Type           Power      Damage    Failure   Level
 Apportation              Tloc           0%         N/A       95%         1
 Magic Dart               Conj           0%         1d3       95%         1
 Sting                    Tmut/Pois      0%         1d3       95%         1
 Blink                    Tloc           0%         N/A       99%         2
 Jinxbite                 Hex            0%         N/A       99%         2
 Lesser Beckoning         Tloc           0%         N/A       99%         2
 Momentum Strike          Conj/Tloc      0%         3d8       99%         2
 Searing Ray              Conj           0%         2d4       99%         2
 Sublimation of Blood     Necr           0%         N/A       99%         2
 Wereblood                Tmut           0%         N/A       99%         2
 Dazzling Flash           Conj/Hex       0%         N/A       100%        3
 Frozen Ramparts          Ice            0%         1d1       100%        3
 Gell's Gravitas          Tloc           0%         N/A       100%        3
 Ignite Poison            Fire/Tmut/Pois 0%         N/A       100%        3
 Teleport Other           Tloc           0%         N/A       100%        3
 Tukima's Dance           Hex            0%         N/A       100%        3
 Animate Armour           Summ/Erth      0%         N/A       100%        4
 Fulminant Prism          Conj/Hex       0%         3d5       100%        4
 Passage of Golubria      Tloc           0%         N/A       100%        4
 Petrify                  Tmut/Erth      0%         N/A       100%        4
 Summon Lightning Spire   Summ/Air       0%         N/A       100%        4
 Vhi's Electric Charge    Tloc/Air       0%         N/A       100%        4
 Agony                    Necr           0%         N/A       100%        5
 Alistair's Intoxication  Tmut/Pois      0%         N/A       100%        5
 Arcjolt                  Conj/Air       0%         1d10      100%        5
 Irradiate                Conj/Tmut      0%         3d11      100%        5
 Lee's Rapid Deconstruct  Erth           0%         3d4*      100%        5
 Metabolic Englaciation   Hex/Ice        0%         N/A       100%        5
 Silence                  Hex/Air        0%         N/A       100%        5
 Summon Forest            Summ/Tloc      0%         N/A       100%        5
 Summon Mana Viper        Hex/Summ       0%         N/A       100%        5
 Yara's Violent Unravell  Hex/Tmut       0%         3d3       100%        5
 Bombard                  Conj/Erth      0%         9d1       100%        6
 Dispersal                Tloc           0%         N/A       100%        6
 Summon Cactus Giant      Summ           0%         N/A       100%        6
 Maxwell's Capacitive Co  Air            0%         ∞         100%        8


Dungeon Overview and Level Annotations

Branches:
Dungeon (15/15)            Temple (1/1) D:7            Lair (5/5) D:11
  Swamp (4/4) Lair:2        Snake (0/4) Lair:2        Slime (0/5) Lair:4
    Orc (2/2) D:11            Elf (0/3) Orc:2        Vaults (0/5) D:14
 Depths (0/4) D:15         Bailey (visited)         Volcano (visited)

Altars:
Ashenzari
Cheibriados
Dithmenos
Elyvilon
Fedhas
Gozag
Hepliaklqana
Kikubaaqudgha
Makhleb
Nemelex Xobeh
Okawaru
Qazlal
Ru
Sif Muna
Trog
Uskayaw
Vehumet
Wu Jian
Xom
Yredelemnul
Zin
The Shining One
Jiyva

Shops:
D:11 ([   D:12 (   Orc:2 [[*[

Portals:
Trove: D:13 (give +2 fire dragon scales)


Innate Abilities, Weirdness & Mutations

You have a pair of horns on your head.
You reflexively headbutt those who attack you in melee.


Message History

The ten-headed hydra closely misses you.
The ten-headed hydra bites you but does no damage.
The ten-headed hydra bites you!
* * * LOW HITPOINT WARNING * * *
The swamp drake breathes poison at you.
The noxious blast engulfs you but does no damage.
You are poisoned.
A bog body comes into view.
You can now pass through a line of other dancers.
You completely miss the ten-headed hydra.
You headbutt the ten-headed hydra!
The ten-headed hydra is severely wounded.
You are engulfed in noxious fumes.
Your surroundings seem slightly different.
A swamp drake comes into view.
* * * LOW HITPOINT WARNING * * *
You feel sick.
The swamp drake roars!
A swamp dragon comes into view.
You cannot move away from the ten-headed hydra!
You barely miss the bog body.
The swamp dragon roars deafeningly!
Your headbutt misses the bog body.
Visions of slaying the bog body flood into your mind.
* * * LOW HITPOINT WARNING * * *
You feel sick.
You are no longer poisoned.
You hear a roar!
The bog body touches you but does no damage.
You chop the bog body into pieces!!!
You are no longer entranced.
You destroy the bog body!
You barely miss the bog body.
Visions of slaying the bog body flood into your mind.
The swamp dragon breathes poison at you.
The swamp drake breathes poison at you.
The noxious blast engulfs you but does no damage.
You are lethally poisoned!
The bog body touches you.
You die...

.~. #~~~~~~~~~~~♣
~~~#~..†~~~~~~..
~.~~.†.~~§~~~~...
.~.##♣~~~†~~~.♣♣.
. ♣.†~~§~~.♣~.~ #
♣♣k..§~♣♣~.~~
#~♣♣♣kD○♣♣.~.~
+~..☼n§○○...♣♣
#.☼☼§☼@○3~...♣
.D☼♣♣§§§○~~~.~♣
.# ♣♣~○○k~~..♣♣
♣♣♣.~§~~~.♣
♣♣..~~~~.♣
.♣♣♣~..†~..♣♣
♣..♣.~~[~..♣♣
♣.~.~~~~~~.§♣
♣.~~§~~~~~~.♣♣♣


You could see a ten-headed hydra (ally target), a swamp dragon (catching
breath), a bog body (mesmerising), 3 swamp drakes and a friendly sixfirhy
(summoned, confused, slow).

Vanquished Creatures
  Nikola (Swamp:1)
  Rupert (Lair:3)
  Jorgrun (Swamp:2)
  Louise (D:15)
  3 eleionomae
  An ettin (D:15)
  4 entropy weavers (D:13)
  Josephine (Lair:5)
  8 hydras
  4 ogre magi (Orc:2)
  3 vault guards (D:14)
  4 alligators
  2 ghost crabs (D:13)
  A spriggan air mage (Swamp:4)
  A catoblepas (Lair:5)
  2 centaur warriors
  Erica (D:9)
  6 boulder beetles
  3 death yaks (Lair:5)
  A tengu warrior (D:15)
  10 two-headed ogres
  Sonja (Orc:2)
  Nergalle (Lair:3)
  7 fire crabs
  A skyshark (Lair:5)
  4 skeletal warriors (D:13)
  A death drake (Swamp:4)
  2 goliath frogs
  A deep troll (D:15)
  A spriggan druid (Swamp:1)
  6 swamp dragons
  Pikel (D:7)
  An orc knight (D:11)
  5 bog bodies (Swamp:4)
  2 necromancers
  An arcanist (D:14)
  2 lindwurms (Lair:5)
  A deep elf pyromancer (D:12)
  3 ugly things
  3 cyclopes (D:15)
  3 manticores
  2 will-o-the-wisps (Swamp:1)
  A salamander (shapeshifter) (D:13)
  Maurice (D:9)
  An apocalypse crab (D:13)
  10 elephants
  8 black mambas
  A torpor snail (Lair:5)
  2 gargoyles
  25 cane toads
  2 kobold demonologists (D:7)
  2 unseen horrors (D:11)
  Jeremiah (D:7)
  3 rime drakes (Lair:5)
  9 komodo dragons
  A tengu conjurer (D:15)
  2 efreet
  5 tyrant leeches
  4 hornets
  3 polar bears
  Prince Ribbit (D:7)
  5 trolls
  2 dream sheep (Lair:5)
  10 slime creatures
  3 spriggans
  Sigmund (D:3)
  A vampire (D:11)
  42 yaks
  A basilisk (shapeshifter) (D:14)
  10 basilisks
  16 humans (D:14)
  7 wraiths
  A fire bat (Volcano)
  9 vampire mosquitoes
  3 steam dragons
  5 wargs
  3 acid dragons
  2 nagas (Lair:2)
  Duvessa (D:7)
  14 swamp worms
  13 water moccasins
  4 swamp drakes
  25 orc warriors
  An ice beast (D:7)
  A sky beast (D:8)
  25 ogres
  25 wolves
  11 centaurs
  5 kobold brigands
  3 lemures (D:7)
  2 phantoms
  A scorpion (D:5)
  7 bullfrogs
  11 wights
  Dowan (D:7)
  2 gnoll boudas
  A hound (D:4)
  5 jellies
  14 orc priests
  Crazy Yiuf (D:4)
  Natasha (thrice) (D:3)
  7 iguanas
  22 orc wizards
  8 gnolls
  10 adders
  A white imp (D:3)
  A worm (D:2)
  3 dart slugs
  75 orcs
  7 ball pythons
  5 bats
  11 endoplasms
  5 giant cockroaches
  3 goblins (D:1)
  9 hobgoblins
  8 jackals
  2 quokkas
  2 frilled lizards (D:1)
  21 kobolds
  3 rats
690 creatures vanquished.

Vanquished Creatures (collateral kills)
  A fire dragon (Lair:5)
  A hydra (Swamp:4)
  5 two-headed ogres (Orc:2)
  A boulder beetle (D:13)
  A necromancer (D:14)
  A manticore (D:13)
  2 rime drakes (Lair:5)
  A troll (D:13)
  A tyrant leech (Swamp:4)
  A hornet (Swamp:2)
  A yak (Lair:5)
  A spriggan (Swamp:2)
  A wraith (Lair:5)
  2 humans (D:14)
  A vampire mosquito (D:14)
  2 swamp worms
  An acid dragon (Lair:5)
  An orc warrior (Orc:2)
  A swamp drake (Swamp:4)
  4 ogres (Orc:2)
  An iguana (Lair:5)
  3 orcs
34 creatures vanquished.

Vanquished Creatures (others)
  3 bloated husks
  4 foxfires (Swamp:1)
7 creatures vanquished.

Grand Total: 731 creatures vanquished

Notes
Turn   | Place    | Note
-------+----------+-------------------------------------------
     0 | D:1      | Nedwor the Minotaur Fighter began the quest for the Orb.
     0 | D:1      | Reached XP level 1. HP: 19/19 MP: 0/0
    61 | D:1      | Reached XP level 2. HP: 27/27 MP: 1/1
    79 | D:1      | Reached skill level 3 in Axes
   485 | D:1      | Found a faded altar of an unknown god.
   510 | D:1      | Reached XP level 3. HP: 33/33 MP: 2/2
   853 | D:2      | You fall into a shaft and drop 1 floor!
  1070 | D:3      | Noticed Sigmund
  1073 | D:3      | Killed Sigmund
  1074 | D:3      | Reached skill level 5 in Axes
  1074 | D:3      | Reached XP level 4. HP: 37/41 MP: 3/3
  1074 | D:3      | Reached XP level 5. HP: 43/47 MP: 4/4
  1104 | D:3      | Found a glowing golden altar of the Shining One.
  1268 | D:3      | Reached skill level 5 in Armour
  1337 | D:3      | Reached skill level 5 in Fighting
  1427 | D:3      | Found a shadowy altar of Dithmenos.
  1592 | D:3      | Noticed Natasha
  1599 | D:3      | Killed Natasha
  1600 | D:3      | Reached XP level 6. HP: 53/56 MP: 5/5
  1624 | D:3      | Noticed Natasha
  1628 | D:3      | Killed Natasha
  1821 | D:3      | Noticed Natasha
  1824 | D:3      | Killed Natasha
  2095 | D:4      | Reached skill level 6 in Axes
  2195 | D:4      | Found a bloodstained altar of Trog.
  2340 | D:4      | Reached XP level 7. HP: 60/61 MP: 6/6
  2693 | D:4      | Found a runed translucent door.
  2694 | D:4      | Noticed Crazy Yiuf
  2757 | D:4      | Killed Crazy Yiuf
  2812 | D:5      | Entered Level 5 of the Dungeon
  2821 | D:5      | Reached skill level 7 in Axes
  3318 | D:5      | Reached skill level 8 in Axes
  3489 | D:5      | Found a sparkling altar of Nemelex Xobeh.
  3567 | D:5      | Reached XP level 8. HP: 71/71 MP: 7/7
  3930 | D:6      | Identified the of Sevy
  4297 | D:6      | Noticed a hornet
  4300 | D:6      | Paralysed by a hornet for 1 turns
  4303 | D:6      | Paralysed by a hornet for 3 turns
  4307 | D:6      | Killed a hornet
  4308 | D:6      | Reached skill level 9 in Axes
  5271 | D:6      | Found an ornate altar of the Wu Jian Council.
  5372 | D:6      | Found an ancient bone altar of Kikubaaqudgha.
  5372 | D:6      | Found a glowing silver altar of Zin.
  5486 | D:7      | Noticed Pikel
  5498 | D:7      | Killed Pikel
  5499 | D:7      | Reached skill level 10 in Axes
  5499 | D:7      | Reached XP level 9. HP: 81/81 MP: 8/8
  5540 | D:7      | Noticed Prince Ribbit
  5551 | D:7      | Killed Prince Ribbit
  5568 | D:7      | Noticed a kobold demonologist
  5568 | D:7      | Noticed a kobold demonologist
  5583 | D:7      | Noticed an ice devil
  5586 | D:7      | Killed a kobold demonologist
  5587 | D:7      | Reached skill level 11 in Axes
  5590 | D:7      | Noticed an orange demon
  5590 | D:7      | Killed a kobold demonologist
  5878 | D:7      | Reached skill level 12 in Axes
  5913 | D:7      | Found a staircase to the Ecumenical Temple.
  5981 | Temple   | Entered the Ecumenical Temple
  6078 | D:7      | Noticed Jeremiah
  6088 | D:7      | Killed Jeremiah
  6154 | D:7      | Noticed Dowan
  6155 | D:7      | Noticed Duvessa
  6162 | D:7      | Killed Duvessa
  6163 | D:7      | Reached XP level 10. HP: 91/91 MP: 9/9
  6163 | D:7      | Killed Dowan
  6211 | D:7      | Found a hide-covered altar of Uskayaw.
  6540 | D:7      | Became a worshipper of Uskayaw the Reveller
  6774 | D:7      | Reached * piety under Uskayaw
  6949 | D:8      | Found a white marble altar of Elyvilon.
  6984 | D:8      | Found a blossoming altar of Fedhas.
  6991 | D:8      | Reached ** piety under Uskayaw
  6996 | D:8      | Reached *** piety under Uskayaw
  6999 | D:8      | Reached **** piety under Uskayaw
  7003 | D:8      | Reached ***** piety under Uskayaw
  8994 | Bailey   | Identified the "Rout Gynt"
  9029 | D:9      | Reached skill level 13 in Axes
  9073 | D:9      | Identified the +5 flail of the Revolution {heavy, Fly}
  9137 | D:9      | Reached skill level 10 in Fighting
  9154 | D:9      | Reached skill level 10 in Armour
  9241 | D:9      | Noticed a two-headed ogre
  9242 | D:9      | Noticed Erica
  9246 | D:9      | Killed a two-headed ogre
  9250 | D:9      | Killed Erica
  9268 | D:9      | Found a flagged portal.
  9276 | D:9      | Identified the +4 hand axe "Idiuss" {vamp, rN+ Will+ rCorr
                  | Str+4}
  9279 | Bailey   | Entered a bailey
  9286 | Bailey   | Noticed an orc knight
  9286 | Bailey   | Noticed an orc knight
  9362 | D:9      | Reached skill level 14 in Axes
 10015 | D:9      | Noticed Maurice
 10018 | D:9      | Maurice stole a throwing net
 10023 | D:9      | Maurice stole 116 gold
 10026 | D:9      | Maurice stole 97 gold
 10027 | D:9      | Killed Maurice
 10378 | D:10     | Entered Level 10 of the Dungeon
 10386 | D:10     | Reached XP level 11. HP: 70/101 MP: 10/10
 11320 | D:10     | Reached skill level 1 in Invocations
 11559 | D:11     | Noticed an orc knight
 11845 | D:11     | Killed an orc knight
 11846 | D:11     | Reached skill level 15 in Axes
 11862 | D:11     | Reached ****** piety under Uskayaw
 12127 | D:11     | Found Xihosoent's Weapon Emporium.
 12127 | D:11     | Found a staircase to the Orcish Mines.
 12127 | D:11     | Found Ylahen's Armour Emporium.
 12160 | D:11     | Upgraded the game from 0.31-a0-984-gbfb7dba898 to
                  | 0.31-a0-995-g04711c9635
 12499 | D:11     | Found a staircase to the Lair.
 12500 | D:11     | Noticed a fire crab
 12523 | D:11     | Killed a fire crab
 13208 | D:11     | Noticed an eight-headed hydra
 13209 | D:11     | Noticed a boulder beetle
 13216 | D:11     | Killed a 13-headed hydra
 13223 | D:11     | Reached skill level 16 in Axes
 13237 | D:11     | Killed a boulder beetle
 13238 | D:11     | Reached XP level 12. HP: 82/112 MP: 12/14
 13517 | D:11     | Identified the +9 flail of the Elven Halls {protect, rC+
                  | Int+3 Dex-2}
 14062 | D:12     | Noticed a boulder beetle
 14072 | D:12     | Killed a boulder beetle
 14223 | D:12     | Found Fumuat's Weapon Boutique.
 14320 | D:12     | Noticed a two-headed ogre
 14325 | D:12     | Killed a two-headed ogre
 14326 | D:12     | Reached skill level 5 in Invocations
 15226 | Lair:1   | Entered Level 1 of the Lair of Beasts
 15601 | Lair:1   | Found a dark tunnel.
 15608 | Volcano  | Entered a volcano
 16419 | Lair:1   | Found a transporter.
 16420 | Lair:1   | Noticed a boulder beetle
 16421 | Lair:1   | Found a transporter.
 16855 | Lair:1   | Killed a boulder beetle
 16922 | Lair:2   | Found a frozen archway.
 17112 | Lair:2   | Noticed a seven-headed hydra
 17120 | Lair:2   | Killed a 12-headed hydra
 17457 | Lair:2   | Found a staircase to the Swamp.
 17724 | Lair:2   | Found a staircase to the Snake Pit.
 17748 | Lair:2   | Reached XP level 13. HP: 124/124 MP: 17/17
 18786 | Lair:3   | Noticed Rupert
 18789 | Lair:3   | Paralysed by Rupert for 4 turns
 18800 | Lair:3   | Killed Rupert
 19381 | Lair:3   | Noticed Nergalle
 19390 | Lair:3   | Killed Nergalle
 20507 | Lair:3   | Reached skill level 15 in Fighting
 20514 | Lair:3   | Reached skill level 15 in Armour
 21437 | Lair:4   | Found a viscous altar of Jiyva.
 21437 | Lair:4   | Found a staircase to the Slime Pits.
 23481 | D:11     | Bought the +16 obsidian axe {drain, demonic, Mesm Drain Fly
                  | SInv} for 949 gold pieces
 23481 | D:11     | Found the +16 obsidian axe {drain, demonic, Mesm Drain Fly
                  | SInv}
 23592 | Lair:5   | Entered Level 5 of the Lair of Beasts
 25040 | Lair:5   | Reached XP level 14. HP: 136/136 MP: 20/20
 25989 | Lair:5   | Reached skill level 10 in Invocations
 26077 | Lair:5   | Noticed Josephine
 26086 | Lair:5   | Killed Josephine
 26476 | Lair:5   | Identified the amulet "Lahuatuc" {Acrobat rF+}
 27225 | D:13     | Reached skill level 17 in Axes
 27291 | D:13     | Identified the +2 robe of Supple Strength {Harm rCorr Str-4
                  | Int+7}
 27572 | D:13     | Found a portal to a secret trove of treasure.
 27621 | D:13     | Found a runed translucent door.
 28282 | D:13     | Reached XP level 15. HP: 147/147 MP: 22/22
 30905 | D:14     | Found a gate to the Vaults.
 31129 | D:14     | Reached skill level 18 in Axes
 31129 | D:14     | Reached XP level 16. HP: 156/156 MP: 22/24
 31180 | D:15     | Entered Level 15 of the Dungeon
 31831 | D:15     | Found a staircase to the Depths.
 32235 | D:15     | Noticed Louise
 32245 | D:15     | Killed Louise
 32891 | D:15     | Identified the +0 robe of Oran {rPois rC+}
 33013 | Orc:1    | Entered Level 1 of the Orcish Mines
 33782 | Orc:2    | Entered Level 2 of the Orcish Mines
 33799 | Orc:2    | Noticed Sonja
 33801 | Orc:2    | Killed Sonja
 33835 | Orc:2    | Found a staircase to the Elven Halls.
 33880 | Orc:2    | Found Ryeda's General Store.
 33880 | Orc:2    | Found Nugotuk's Armour Boutique.
 33888 | Orc:2    | Found Egah's Antique Armour Shop.
 33888 | Orc:2    | Found Eskesmef's Armour Shoppe.
 34046 | Orc:2    | Bought an embroidered cloak for 240 gold pieces
 34459 | Swamp:1  | Entered Level 1 of the Swamp
 34865 | Swamp:1  | Noticed Nikola
 34876 | Swamp:1  | Killed Nikola
 36176 | Swamp:2  | Paralysed by a hornet for 2 turns
 36645 | Swamp:2  | Noticed Jorgrun
 36653 | Swamp:2  | Killed Jorgrun
 36654 | Swamp:2  | Reached XP level 17. HP: 166/166 MP: 25/25
 37122 | Swamp:3  | Reached skill level 19 in Axes
 37887 | Swamp:4  | Entered Level 4 of the Swamp
 38057 | Swamp:4  | HP: 8/166 [poison (poison gas)]
 38108 | Swamp:4  | HP: 3/166 [ten-headed hydra (8)]
 38109 | Swamp:4  | HP: 1/166 [poisoned by a swamp drake (noxious blast)]
 38111 | Swamp:4  | Slain by a bog body

Illustrated notes

Levels and vault maps discovered:
D:1:      minmay_arrival_glassed_features, layout_basic,
          hellmonk_ecumenical_altar_pennies_from_heaven, minmay_distorted
D:2:      layout_basic, basic_altar, minmay_tiny_reverse_x
D:3:      layout_basic, grunt_dithmenos_smoke_and_mirrors,
          general_overflow_altar, kennysheep_generic_room_9, uniq_natasha,
          uniq_sigmund
D:4:      layout_cave_pools, mainiacjoe_overflow_24_doors,
          chequers_serial_rivers_small_a, kennysheep_dice,
          uniq_crazy_yiuf_cottage
D:5:      layout_rooms, nemelex_spade_bored_becter
D:6:      layout_basic, nzn_wu_jian_contemplation,
          gammafunk_temple_overflow_wave, minivault_14, kennysheep_another_room,
          nicolae_twisty_statue_hallways
D:7:      layout_basic, mainiacjoe_overflow_six_doors_small,
          minmay_temple_entry_statues_fountains, uniq_jeremiah, uniq_pikel,
          uniq_prince_ribbit1, uniq_duvessa
D:8:      layout_basic, fedhas_bush_and_centaur_altar, overflow_temple_1_default
D:9:      layout_basic, enter_bailey_2, uniq_maurice, uniq_erica
D:10:     layout_basic, nooodl_orcs_dogs
D:11:     layout_roguey [special_room_orc], minmay_lair_entry_lava, orc_david_3
D:12:     layout_basic, serial_shops, nicolae_shop_tiny_real_fake_doors,
          minmay_librarian
D:13:     gammafunk_mikee_crab_dinner, layout_basic, nicolae_trove_entry_crystal
D:14:     layout_cross, grunt_vaults_entry_tiered, dk_noncrumbling_2
D:15:     hangedman_depths_entry_civil_slaughter, layout_loops_corners,
          ebering_dispersal_statue_hall, serial_library_hellmonk_hallway_b,
          hangedman_decor_peaks_small, serial_park_tiny_2, uniq_louise
Temple:   nicolae_temple_no_exploring_needed
Lair:1:   gammafunk_boulding_lane, layout_regular_city, enter_volcano_4
Lair:2:   layout_regular_city, palyth_hydra_swamp_entry,
          guppyfry_snake_entry_island, portal_ice_cave_entry_pillars_1,
          minivault_25
Lair:3:   layout_cave_pods, grunt_megastairs_5, uniq_nergalle, uniq_rupert
Lair:4:   layout_long_grid, nicolae_slime_entry_slimehenge
Lair:5:   hangedman_lair_in_review, layout_loops_ring, guppyfry_lair_end_dragon,
          uniq_josephine
Swamp:1:  layout_basic_swamp, hangedman_swamp_cone, infiniplex_staircase_pool,
          uniq_nikola
Swamp:2:  layout_falls_marsh, evilmike_swamp_ruin_house_2, uniq_jorgrun
Swamp:3:  layout_basic_swamp, evilmike_swamp_ruin_house_3,
          infiniplex_staircase_pool_2
Swamp:4:  grunt_swamp_rune_castle, layout_basic_swamp
Orc:1:    layout_caves
Orc:2:    st_orc_ogre_mass, layout_diamond_mine, basic_altar, uniq_sonja

Skill      XL: |  1  2  3  4  5  6  7  8  9 10 11 12 13 14 15 16 17 |
---------------+----------------------------------------------------+-----
Axes           | 3 5 6 8 10 12 14 16 17 18 19 | 19.2
Armour         | 4 5 6 8 9 10 12 13 15 16 17 18 | 18.8
Fighting       | 4 5 6 8 9 10 12 14 15 17 18 | 18.9
Invocations    | 4 7 9 11 12 13 | 13.4
Shields        | |  3.7

Action                     |  1- 3 |  4- 6 |  7- 9 | 10-12 | 13-15 | 16-18 || total
---------------------------+-------+-------+-------+-------+-------+-------++-------
  Melee: War axe           |    65 |    82 |   208 |   470 |   163 |       ||   988
         Headbutt          |     9 |    15 |    35 |   107 |    92 |    52 ||   310
         Hand axe          |       |       |       |    22 |       |       ||    22
         Broad axe         |       |       |       |       |   245 |   260 ||   505
    Use: Scroll            |       |    11 |       |    11 |     5 |     3 ||    30
         Potion            |       |       |     3 |     2 |     3 |     3 ||    11
   Stab: Paralysed         |       |       |       |    61 |   102 |    30 ||   193
         Distracted        |       |       |       |       |     1 |     2 ||     3
 Armour: Scale mail        |    50 |    69 |    18 |       |       |       ||   137
         Chain mail        |       |       |    16 |       |       |       ||    16
         Plate armour      |       |       |    89 |   398 |   287 |   205 ||   979
  Dodge: Dodged            |    31 |    51 |    97 |   265 |   204 |    94 ||   742
  Block: Buckler           |     1 |       |       |       |       |       ||     1

Table legend: (Time is in decaauts)
 A = Elapsed time spent in this place.
 B = Non-inter-level travel time spent in this place.
 C = Inter-level travel time spent in this place.
 D = Time resting spent in this place.
 E = Time spent auto-exploring this place.
 F = Levels seen in this place.
 G = Mean time per level.
                   A        B        C        D        E       F      G
               +--------+--------+--------+--------+--------+-----+--------+
         Total |  38996 |  37257 |   1739 |  19959 |  13840 |  29 | 1344.7 |
       Dungeon |  21881 |  20845 |   1036 |   9947 |   8780 |  15 | 1458.7 |
        Temple |     13 |      0 |     13 |      0 |      0 |   1 |   13.0 |
          Lair |  12092 |  11541 |    551 |   7388 |   3435 |   5 | 2418.4 |
         Swamp |   3465 |   3385 |     80 |   1859 |   1167 |   4 |  866.2 |
  Orcish Mines |   1397 |   1340 |     57 |    723 |    420 |   2 |  698.5 |
        Bailey |     19 |     19 |      0 |      0 |      6 |   1 |   19.0 |
       Volcano |    126 |    126 |      0 |     40 |     31 |   1 |  126.0 |
               +--------+--------+--------+--------+--------+-----+--------+

Top non-repeatable levels by time:
  Lair:5: 3431 daAuts
  Lair:3: 3156 daAuts
    D:14: 2495 daAuts
  Lair:4: 2096 daAuts
     D:8: 2086 daAuts
    D:11: 2081 daAuts
  Lair:1: 1836 daAuts
    D:15: 1790 daAuts
    D:13: 1737 daAuts
    D:12: 1647 daAuts
     D:6: 1599 daAuts
  Lair:2: 1572 daAuts
     D:7: 1548 daAuts
    D:10: 1501 daAuts
     D:9: 1385 daAuts
